 Dungeon Crawl Stone Soup version 0.24.0-13-gcf9b3192b9 (webtiles) character file.

Game seed: 6152359856276522999, levelgen mode: deterministic

784 roguesci the Covered (level 7, -6/45 HPs)
             Began as a Gargoyle Fighter on Nov 10, 2019.
             Mangled by an ogre
             ... wielding a +0 giant spiked club
              (29 damage)
             ... on level 5 of the Dungeon.
             The game lasted 00:08:34 (3563 turns).

roguesci the Covered (Gargoyle Fighter)             Turns: 3563, Time: 00:08:34

Health: -6/45      AC: 13    Str: 22    XL:     7   Next: 86%
Magic:  7/7        EV:  8    Int:  8    God:
Gold:   192        SH: 10    Dex:  9    Spells: 6/6 levels left

rFire    + . .     SeeInvis .   a - +0 flail
rCold    . . .     Gourm    .   c - +0 shield
rNeg     + . .     Faith    .   s - +1 scale mail {rF+}
rPois    ∞         Spirit   .   (no helmet)
rElec    +         Reflect  .   (no cloak)
rCorr    .         Harm     .   (no gloves)
MR       .....                  (no boots)
Stlth    ..........             (no amulet)
HPRegen  0.15/turn              (no ring)
MPRegen  0.10/turn              (no ring)

@: no status effects
A: negative energy resistance 1, electricity resistance, unbreathing,
petrification resistance, rot immunity, AC +4
a: no special abilities


You were on level 5 of the Dungeon.
You were not hungry.

You visited 1 branch of the dungeon, and saw 5 of its levels.

You collected 192 gold pieces.

Inventory:

Hand Weapons
 a - a +0 flail (weapon)
Missiles
 j - 154 stones (quivered)
Armour
 c - a +0 shield (worn)
 s - a +1 scale mail of fire resistance (worn)
Jewellery
 b - a +4 ring of intelligence
 r - a +4 amulet of reflection {unknown}
 u - a cursed -2 ring of strength {unknown}
Scrolls
 e - 6 scrolls of remove curse {unknown}
 h - a scroll of random uselessness {unknown}
 l - a scroll of fear {unknown}
 o - 4 scrolls of teleportation {unknown}
 p - 4 scrolls of enchant weapon {unknown}
 q - 5 scrolls of identify {unknown}
 v - 2 scrolls of magic mapping {unknown}
 w - a scroll of blinking {unknown}
Potions
 g - a potion of mutation {unknown}
 i - a potion of brilliance {unknown}
 k - 4 potions of degeneration {unknown}
 m - a potion of ambrosia
 n - 3 potions of curing {unknown}
 t - a potion of lignification {unknown}
Comestibles
 f - 5 rations


   Skills:
 * Level 5.7 Fighting
 + Level 3.5 Maces & Flails
 * Level 6.0 Armour
 - Level 1.0 Dodging
 * Level 5.9 Shields


You had 6 spell levels left.
You didn't know any spells.
Your spell library contained the following spells:

 Spells                   Type           Power        Failure   Level  Hunger
 Confusing Touch          Hex            #.....       98%         1    ##.....
 Confuse                  Hex            #.......     100%        3    ####...
 Gell's Gravitas          Tloc           #.........   100%        3    ####...
 Petrify                  Tmut/Erth      #.......     100%        4    #####..
 Metabolic Englaciation   Hex/Ice        #.........   100%        5    ######.
 Yara's Violent Unravell  Hex/Tmut       #.........   100%        5    ######.


Dungeon Overview and Level Annotations

Branches:
Dungeon (5/15)
 Temple: D:4-7

Altars:
Ashenzari
Cheibriados
Kikubaaqudgha
Nemelex Xobeh


Innate Abilities, Weirdness & Mutations

You are resistant to torment.
Your stone body is resilient. (AC +4)
You are immune to poison.
You resist negative energy. (rN+)
You are resistant to electric shocks. (rElec)
You can survive without breathing.
You are immune to petrification.
You are immune to rotting.


Message History

The ogre shouts!
The ogre moves out of view.
j - 154 stones (gained 20)
The ogre is too close now for your liking.
You barely miss the ogre.
The ogre hits you with a +0 giant spiked club!
You hit the ogre.
The ogre is moderately wounded.
The ogre hits you with a +0 giant spiked club!
You sock the ogre!
The ogre is severely wounded.
The ogre barely misses you.
You hit the ogre.
The ogre is severely wounded.
The ogre closely misses you.
You barely miss the ogre.
The ogre is severely wounded.
The ogre hits you with a +0 giant spiked club!!
Ouch! That really hurt!
You die...

#.### .... #
..# #.####.#
#.#..<.#
#....#.......
###..#.#....#
####...........
#..@........#.#
#.#O#......## .
# #...###.##
..... ...
.#.#.#. ###
....#.#. .
..#.# . ... .


You could see an ogre.

Vanquished Creatures
  Sigmund (D:4)
  A hornet zombie (D:4)
  A sky beast (D:4)
  A scorpion (D:3)
  4 hounds (D:4)
  An orc priest (D:4)
  3 orc wizards
  A bullfrog skeleton (D:4)
  4 adders
  An ooze (D:1)
  3 dart slugs
  3 worms
  3 leopard geckos
  9 orcs
  A giant cockroach (D:1)
  6 hobgoblins
  4 jackals
  5 quokkas
  7 bats
  6 frilled lizards
  5 goblins
  A jackal skeleton (D:4)
  9 kobolds
  8 rats
88 creatures vanquished.

Notes
Turn   | Place    | Note
-------+----------+-------------------------------------------
     0 | D:1      | roguesci the Gargoyle Fighter began the quest for the Orb.
     0 | D:1      | Reached XP level 1. HP: 14/14 MP: 1/1
    37 | D:1      | Reached XP level 2. HP: 18/19 MP: 2/2
   403 | D:1      | Reached XP level 3. HP: 22/23 MP: 3/3
   558 | D:1      | Reached skill level 1 in Dodging
   703 | D:2      | You fall into a shaft and drop 2 floors!
   836 | D:4      | Reached skill level 4 in Armour
   836 | D:4      | Reached XP level 4. HP: 27/29 MP: 4/4
   898 | D:3      | Found a shattered altar of Ashenzari.
  1018 | D:2      | Found an ancient bone altar of Kikubaaqudgha.
  1051 | D:2      | Reached XP level 5. HP: 27/33 MP: 5/5
  1292 | D:2      | Found a snail-covered altar of Cheibriados.
  1445 | D:2      | Found a sparkling altar of Nemelex Xobeh.
  2386 | D:4      | Reached XP level 6. HP: 28/39 MP: 6/6
  2403 | D:4      | Reached skill level 5 in Armour
  2537 | D:4      | Reached skill level 5 in Shields
  2747 | D:4      | Noticed Sigmund
  2756 | D:4      | Killed Sigmund
  2756 | D:4      | Reached skill level 5 in Fighting
  2756 | D:4      | Reached XP level 7. HP: 38/44 MP: 7/7
  3057 | D:4      | Reached skill level 6 in Armour
  3551 | D:5      | Entered Level 5 of the Dungeon
  3563 | D:5      | Mangled by an ogre

Levels and vault maps discovered:
D:1:      saegor_arrival_simple_a, layout_loops_ring
D:2:      layout_basic, lemuel_crystal_altar, overflow_temple_1_default,
          lemuel_crystal_altar
D:3:      layout_basic, nicolae_overflow_crystal_walls, serial_forest,
          infiniplex_forest_lined_3_way, infiniplex_forest_straight_5,
          infiniplex_forest_straight_2, infiniplex_forest_clump_small,
          infiniplex_forest_clump_diagonal, infiniplex_forest_lined_1,
          kennysheep_generic_room_15
D:4:      minmay_bubble_buster, layout_basic, first_ration,
          hangedman_decor_diamond_cutter, uniq_sigmund
D:5:      layout_basic, minmay_temple_entry_water_ring, serial_glass,
          glass_columns_c, glass_columns_a, glass_columns_a, glass_columns_a,
          glass_columns_b, glass_columns_b, glass_columns_b, glass_columns_a,
          uniq_menkaure

Skill      XL: |  1  2  3  4  5  6  7 |
---------------+----------------------+-----
Dodging        | 1 |  1.0
Armour         | 4 5 6 |  6.0
Fighting       | 4 5 |  5.7
Shields        | 4 5 |  5.9
Maces & Flails | 3 |  3.5

Action                   |  1- 3 |  4- 6 |  7- 9 || total
-------------------------+-------+-------+-------++-------
Melee: Flail             |   103 |   211 |    65 ||   379
  Use: Potion            |     1 |     1 |       ||     2
  Eat: Chunk             |       |     7 |     1 ||     8
       Ration            |       |       |     1 ||     1
Armor: Scale mail        |    66 |   144 |    42 ||   252
Dodge: Dodged            |    33 |   109 |    30 ||   172
Block: Shield            |    62 |   138 |    42 ||   242
